 Dungeon Crawl Stone Soup version 0.24-a0-762-gca426f5 (webtiles) character file.

Game seed: 10934438894320661823, levelgen mode: deterministic

3339 BoppinsLewinski the Cleaver (level 9, 37/82 HPs)
             Began as a Deep Dwarf Fighter on Oct 3, 2019.
             Was a Believer of Makhleb.
             Got out of the dungeon alive.
             The game lasted 00:24:31 (5898 turns).

BoppinsLewinski the Cleaver (Deep Dwarf Fighter)    Turns: 5898, Time: 00:24:31

Health: 37/82      AC: 17    Str: 24    XL:     9   Next: 72%
Magic:  6/6        EV:  3    Int: 10    God:    Makhleb [**....]
Gold:   406        SH: 18    Dex: 12    Spells: 8/8 levels left

rFire    . . .     SeeInvis .   a - +0 war axe
rCold    . . .     Gourm    .   q - +2 large shield
rNeg     . . .     Faith    .   w - +0 plate armour
rPois    +         Spirit   .   (no helmet)
rElec    .         Reflect  .   d - +0 cloak
rCorr    .         Harm     .   m - +0 pair of gloves
MR       +....                  (no boots)
Stlth    ..........             (no amulet)
HPRegen  0.00/turn              (no ring)
MPRegen  0.10/turn              (no ring)

@: non-regenerating
A: damage resistance, heal wounds, slimy green scales 1, sense surroundings 2,
poison resistance, strong 1, no regeneration
a: Heal Wounds, Minor Destruction, Renounce Religion


You escaped.
You worshipped Makhleb.
Makhleb was pleased with you.
You were near starving.

You visited 2 branches of the dungeon, and saw 9 of its levels.

You collected 406 gold pieces.

Inventory:

Hand Weapons
 a - a +0 war axe (weapon)
Armour
 d - a +0 cloak (worn)
 m - a +0 pair of gloves (worn)
 q - a +2 large shield (worn)
 w - a +0 plate armour (worn)
Jewellery
 r - an uncursed amulet of the gourmand
Wands
 u - a wand of iceblast (3)
Scrolls
 b - a scroll of identify
 c - 3 scrolls of enchant weapon
 e - 9 scrolls of teleportation
 g - a scroll of enchant armour
 h - 3 scrolls of remove curse
 i - 4 scrolls of magic mapping
 o - 2 scrolls of random uselessness
 s - a scroll of immolation
Potions
 j - a potion of flight
 p - a potion of brilliance
Comestibles
 f - 14 rations


   Skills:
 + Level 5.8 Fighting
 * Level 9.2 Axes
 + Level 7.1 Armour
 + Level 7.0 Shields
 + Level 4.8 Invocations
 + Level 4.0 Evocations


You had 8 spell levels left.
You didn't know any spells.
Your spell library contained the following spells:

 Spells                   Type           Power        Failure   Level  Hunger
 Shock                    Conj/Air       #...         100%        1    ##.....
 Swiftness                Chrm/Air       #.......     100%        2    ###....
 Static Discharge         Conj/Air       #.......     100%        3    ####...
 Airstrike                Air            #.........   100%        4    #####..
 Lightning Bolt           Conj/Air       #.........   100%        5    ######.


Dungeon Overview and Level Annotations

Branches:
Dungeon (8/15)             Temple (1/1) D:4
   Lair: D:8-11

Altars:
Ashenzari
Dithmenos
Fedhas
Kikubaaqudgha
Makhleb
Okawaru
Sif Muna
Uskayaw
Vehumet
Yredelemnul
Zin
The Shining One

Shops:
D:7 :


Innate Abilities, Weirdness & Mutations

You are resistant to damage.
You can heal yourself by infusing magical energy.
You passively map the area around you.
You do not regenerate.
You are partially covered in slimy green scales. (AC +2)
Your system is resistant to poisons. (rPois)
Your muscles are strong. (Str +2)


Message History

Thar be a stone staircase leadin' up 'ere.
Ye climb upwards.
Thar be a stone staircase leadin' down 'ere.
Thar be an op'n door 'ere.
Thar be a stone staircase leadin' up 'ere.
Ye climb upwards.
Thar be a stone staircase leadin' down 'ere.
Thar be a stone staircase leadin' up 'ere.
Ye climb upwards.
Thar be a stone staircase leadin' down 'ere.
Thar be a stone staircase leadin' up 'ere.
Ye climb upwards.
Thar be a stone staircase leadin' down 'ere.
(D) Dungeon (T) Temple Where ta? (Enter - D:1, ? - help) Yer already 'ere!
Thar be a dry fountain 'ere.
Thar be a staircase leadin' outta tha dungeon 'ere.
Be ye sure ye want ta leave tha Dungeon? 'tis will make ye lose tha game!
Ye haf 'scaped!

###.............[........###
##...##.####.####.####.##...##
#..###...##...##...##...###..#
#.## #.⌠.##.⌠.##.⌠.##.⌠.# ##.#
#.####...##...##...##...####.#
#...###.####.####.####.###...#
#.†.###.####.####.####.###.⌠.#
#............................#
##.##.........@..........##.##
#........................†...#
#.⌠.###.####.####.####.###.⌠.#
#...###.####.####.####.###...#
#.####...##...##...##...####.#
#.## #.⌠.##.⌠.##.⌠.##.⌠.# ##.#
#..###...##...##...##...###..#
##....#.####.####.####.##...##
###.....^.[..............###


There were no monsters in sight!

Vanquished Creatures
  Maurice (D:8)
  A wyvern (D:8)
  5 ice beasts
  5 ogres
  A necrophage (D:5)
  An orc warrior (D:7)
  2 centaurs
  3 bullfrogs
  6 scorpions
  2 wights (D:8)
  4 howler monkeys
  2 crimson imps
  A gnoll shaman (D:7)
  3 bullfrog zombies
  4 hounds
  2 orc wizards
  A centaur skeleton (D:8)
  4 iguanas
  Terence (D:3)
  4 worker ants
  A hound zombie (D:7)
  A hound skeleton (D:4)
  2 worker ant zombies
  9 adders
  12 gnolls
  A shadow imp (D:6)
  An ooze (D:1)
  2 worms (D:3)
  2 dart slugs
  7 leopard geckos
  12 orcs
  A ball python (D:1)
  3 bats
  4 giant cockroaches
  4 goblins
  2 hobgoblins (D:3)
  5 jackals
  4 quokkas
  3 frilled lizards
  11 kobolds
  A leopard gecko zombie (D:7)
  2 quokka skeletons
  6 rats
149 creatures vanquished.

Notes
Turn   | Place    | Note
-------+----------+-------------------------------------------
     0 | D:1      | BoppinsLewinski the Deep Dwarf Fighter began the quest for
                  | the Orb.
     0 | D:1      | Reached XP level 1. HP: 20/20 MP: 1/1
   155 | D:1      | Reached XP level 2. HP: 27/27 MP: 2/2
   706 | D:2      | Reached skill level 3 in Axes
   733 | D:2      | Reached XP level 3. HP: 31/34 MP: 3/3
   870 | D:2      | Reached XP level 4. HP: 31/42 MP: 4/4
  1519 | D:3      | Reached skill level 4 in Axes
  1519 | D:3      | Reached XP level 5. HP: 46/49 MP: 5/5
  1779 | D:3      | Noticed Terence
  1791 | D:3      | Killed Terence
  2179 | D:4      | Gained mutation: Your muscles are strong. (Str +2) [potion
                  | of mutation]
  2179 | D:4      | Gained mutation: You are partially covered in slimy green
                  | scales. (AC +2) [potion of mutation]
  2179 | D:4      | Gained mutation: You evolve. [potion of mutation]
  2188 | D:4      | Noticed an ogre
  2201 | D:4      | Killed an ogre
  2201 | D:4      | Reached XP level 6. HP: 39/57 MP: 4/4
  2388 | D:4      | Reached skill level 5 in Axes
  2656 | D:4      | You fall into a shaft and drop 2 floors!
  2733 | D:6      | Reached XP level 7. HP: 21/64 MP: 5/5
  2793 | D:5      | Entered Level 5 of the Dungeon
  2901 | D:5      | Reached skill level 5 in Shields
  2993 | D:4      | Found a staircase to the Ecumenical Temple.
  3084 | D:4      | Gained mutation: Your system is resistant to poisons.
                  | (rPois) [evolution]
  3084 | D:4      | Lost mutation: You evolve. [end of evolution]
  3109 | D:4      | Reached skill level 5 in Armour
  3176 | D:5      | Reached skill level 6 in Axes
  3401 | D:5      | Reached XP level 8. HP: 42/73 MP: 4/4
  3552 | Temple   | Entered the Ecumenical Temple
  3646 | Temple   | Became a worshipper of Makhleb the Destroyer
  3916 | D:6      | Reached skill level 7 in Axes
  4214 | D:6      | Reached skill level 1 in Invocations
  4370 | D:7      | Reached skill level 1 in Evocations
  4381 | D:7      | Reached skill level 5 in Fighting
  4693 | D:7      | Reached * piety under Makhleb
  4699 | D:7      | Reached skill level 8 in Axes
  4830 | D:7      | Gained mutation: You passively map the area around you.
                  | [Deep Dwarf growth]
  4830 | D:7      | Reached XP level 9. HP: 56/81 MP: 6/6
  4842 | D:7      | Found Jocoroso's Book Shop.
  5344 | D:8      | Noticed Maurice
  5641 | D:8      | Reached ** piety under Makhleb
  5661 | D:8      | Reached skill level 9 in Axes
  5697 | D:8      | Killed Maurice
  5898 | D:$      | Got out of the dungeon alive.

Levels and vault maps discovered:
D:1:      dpeg_arrival_chambers_temple_mockup, layout_basic
D:2:      layout_basic
D:3:      layout_basic, st_stairs_5, uniq_terence
D:4:      layout_basic, minmay_temple_entry_from_below_b, first_ration
D:5:      layout_basic, lemuel_flame_loot_1
D:6:      layout_basic
D:7:      layout_basic, nicolae_overflow_hidden_temple, serial_shops, shop
D:8:      layout_rooms, hangedman_pestilent_swarm, uniq_maurice
Temple:   kilobyte_greek_temple

Skill      XL: |  1  2  3  4  5  6  7  8  9 |
---------------+----------------------------+-----
Axes           | 3 4 5 6 8 9 |  9.2
Fighting       | 3 4 5 |  5.8
Shields        | 4 5 6 7 |  7.0
Armour         | 4 5 6 7 |  7.1
Invocations    | 3 4 |  4.8
Evocations     | 2 4 |  4.0

Action                   |  1- 3 |  4- 6 |  7- 9 || total
-------------------------+-------+-------+-------++-------
Melee: War axe           |    86 |   187 |   388 ||   661
Throw: Throwing net      |       |     1 |       ||     1
 Abil: Heal Wounds       |       |     3 |     6 ||     9
Evoke: Wand              |       |       |     7 ||     7
  Use: Potion            |       |     6 |     7 ||    13
       Scroll            |       |       |    11 ||    11
 Stab: Invisible         |       |       |     5 ||     5
  Eat: Chunk             |       |     6 |     6 ||    12
       Ration            |       |       |     1 ||     1
Armor: Scale mail        |    29 |    86 |    56 ||   171
       Plate armour      |       |       |    91 ||    91
Dodge: Dodged            |    22 |    52 |    59 ||   133
Block: Shield            |    36 |    98 |    66 ||   200
       Large shield      |       |       |   224 ||   224

Table legend:
 A = Non-vault XP
 B = Vault XP
 C = Vault XP percentage of total XP
 D = Non-vault monster count
 E = Vault monster count
 F = Vault count percentage of total count
                 A         B        C        D         E       F
            +---------+---------+-------+---------+---------+-------
      Total |    4327 |     443 |   9.3 |     144 |       5 |   3.4
            +---------+---------+-------+---------+---------+-------
        D:1 |      34 |       0 |   0.0 |      17 |       0 |   0.0
        D:2 |      92 |       0 |   0.0 |      18 |       0 |   0.0
        D:3 |     126 |      42 |  25.0 |      21 |       4 |  16.0
        D:4 |     359 |       0 |   0.0 |      11 |       0 |   0.0
        D:5 |     706 |       0 |   0.0 |      15 |       0 |   0.0
        D:6 |     424 |       0 |   0.0 |       9 |       0 |   0.0
        D:7 |    1292 |       0 |   0.0 |      32 |       0 |   0.0
        D:8 |    1294 |     401 |  23.7 |      21 |       1 |   4.5
            +---------+---------+-------+---------+---------+-------
